 Dungeon Crawl Stone Soup version 0.31-a0-222-gefeffbb62a (webtiles) character file.

Game seed: 4667268645126559072

23 7w4c the Trooper (level 2, 0/24 HPs)
             Began as a Demonspawn Berserker on July 5, 2023.
             Was a Follower of Trog.
             Slain by a goblin
             ... wielding a +0 club
             ... led by Robin
              (5 damage)
             ... on level 2 of the Dungeon.
             The game lasted 00:01:53 (891 turns).

7w4c the Trooper (Demonspawn Berserker)              Turns: 891, Time: 00:01:53

Health: 0/24       AC:  2    Str: 17    XL:     2   Next: 72%
Magic:  2/2        EV: 17    Int:  8    God:    Trog [*.....]
Gold:   88         SH:  0    Dex: 12    Spells: 1/1 levels left

rFire   . . .        f - +2 hand axe (heavy)
rCold   . . .        (no shield)
rNeg    . . .        b - +0 animal skin
rPois   .            (no helmet)
rElec   .            (no cloak)
rCorr   .            (no gloves)
SInv    .            (no boots)
Will    .....        (no amulet)
Stlth   +            a - +5 ring of evasion
HPRegen 0.24/turn    (no ring)
MPRegen 0.08/turn

%: no passive effects
@: no status effects
A: spiny 1
a: Renounce Religion, Berserk


You were on level 2 of the Dungeon.
You worshipped Trog.
Trog was aware of your devotion.
You visited 1 branch of the dungeon, and saw 2 of its levels.

You collected 88 gold pieces.

Inventory:

Hand Weapons
 f - a +2 heavy hand axe (weapon)
Armour
 b - a +0 animal skin (worn)
Jewellery
 a - a +5 ring of evasion (left hand)
Potions
 e - a potion of heal wounds


   Skills:
 + Level 3.3 Fighting
 + Level 3.1 Axes
 + Level 1.8 Armour
 + Level 2.0 Dodging


You had one spell level left.
You didn't know any spells.
Your spell library was empty.

Dungeon Overview and Level Annotations

Branches:
Dungeon (2/15)

Altars:

Annotations:
D:2 Robin, Sigmund


Innate Abilities, Weirdness & Mutations

You are partially covered in sharp spines.


Message History

You open the door.
A goblin and Sigmund come into view.
Sigmund is wielding a +0 scythe and carrying a wand of flame (11).
Sigmund casts a spell at you.
The magic dart hits you. 3 goblins, 3 hobgoblins and a frilled lizard come into view.
The goblin shouts! x2; The hobgoblin shouts!
The goblin shouts!
The hobgoblin shouts!
You hear a shout!
The hobgoblin shouts!
A goblin comes into view. It is wielding a +0 dagger.
Robin of the Strong Arm comes into view.
They are wielding a +3 spear of pain and wearing a +0 helmet of intelligence.
There is an open door here.
The goblin shouts! x2; The frilled lizard hisses angrily.
Sigmund zaps a wand.
The puff of flame hits you.
Robin roars a battlecry!
The goblins go into a battle-frenzy!
A goblin comes into view. It is wielding a +0 dagger.
The goblin shouts!
Sigmund completely misses you.
A goblin comes into view. It is wielding a +0 club.
The goblin shouts!
Sigmund casts a spell.
Sigmund flickers and vanishes!
Deactivating autopickup; reactivate with Ctrl-A.
You miss something. You hit the hobgoblin. Robin throws the goblin at you!
The goblin barely misses you. The hobgoblin is struck by your spines.
The hobgoblin closely misses you. Something hits you.
The frilled lizard unfolds its giant frill.
The hobgoblin hits you. Robin throws the goblin at you!
The goblin hits you with a +0 club.
* * * LOW HITPOINT WARNING * * *
The goblin misses you. The goblin is struck by your spines.
You kill the goblin!
Trog accepts your kill.
Your Dodging skill increases to level 2!
As you read the scroll labelled KESYNNI GUBBY, it crumbles to dust.
It is a scroll of identify.
e - a potion of heal wounds The goblin is struck by your spines.
The goblin closely misses you. The hobgoblin closely misses you.
The goblin hits you with a +0 club.
You die...

#.#.......' #.......+
#.#.#######
#.......####.#.# #.
#............#.# #.
#........#...#.# #.
#........#...#.######.
#..............#......
#...g)l.#######.......
#...{@g.')..........#.
#...gggg########'##.#>
#...gg..# .... #.
#....g..# ....#.
#....g..# ....#.
#.......# ....#.
#.......# ......
#.......# ...### '


You could see Robin, 3 hobgoblins, 6 goblins and a frilled lizard.

Vanquished Creatures
  A ball python (D:1)
  4 endoplasms
  5 goblins
  2 hobgoblins
  A quokka (D:1)
  A bat (D:1)
  A frilled lizard (D:1)
  5 rats
20 creatures vanquished.

Notes
Turn   | Place    | Note
-------+----------+-------------------------------------------
     0 | D:1      | 7w4c the Demonspawn Berserker began the quest for the Orb.
     0 | D:1      | Reached XP level 1. HP: 18/18 MP: 1/1
   300 | D:1      | Gained mutation: You are partially covered in sharp spines.
                  | [demonic ancestry]
   300 | D:1      | Reached XP level 2. HP: 17/24 MP: 2/2
   885 | D:2      | Noticed Sigmund
   886 | D:2      | Noticed Robin
   891 | D:2      | Slain by a goblin

Illustrated notes

Levels and vault maps discovered:
D:1:      dpeg_arrival_snail, layout_basic, nicolae_wormholes
D:2:      layout_basic, basic_ecumenical_altar, uniq_robin, uniq_sigmund

Skill      XL: |  1  2 |
---------------+-------+-----
Axes           | 3 |  3.1
Dodging        | 2 |  2.0
Fighting       | |  3.3
Armour         | |  1.8

Action                     || total
---------------------------++-------
  Melee: Hand axe          ||    42
         Punch             ||     1
    Use: Scroll            ||     2
 Armour: Animal skin       ||     2
  Dodge: Dodged            ||    40

Table legend: (Time is in decaauts)
 A = Elapsed time spent in this place.
 B = Non-inter-level travel time spent in this place.
 C = Inter-level travel time spent in this place.
 D = Time resting spent in this place.
 E = Time spent auto-exploring this place.
 F = Levels seen in this place.
 G = Mean time per level.
                   A        B        C        D        E       F      G
               +--------+--------+--------+--------+--------+-----+--------+
         Total |    896 |    896 |      0 |      0 |    606 |   2 |  448.0 |
       Dungeon |    896 |    896 |      0 |      0 |    606 |   2 |  448.0 |
               +--------+--------+--------+--------+--------+-----+--------+

Top non-repeatable levels by time:
     D:1: 738 daAuts
     D:2: 158 daAuts
